[Event "ChInt Open"]
[Site "Paris "]
[Date "2008.??.??"]
[Round "?"]
[White "Roser, Kevin"]
[Black "Kosteniuk, Alexandra"]
[Result "1-0"]
[ECO "B92"]
[WhiteElo "2409"]
[BlackElo "2523"]
[PlyCount "83"]
[EventDate "2008.06.28"]
[EventType "swiss"]
[EventRounds "9"]
[EventCountry "FRA"]
[SourceDate "2008.07.08"]
[TimeControl "5430"]

1. e4 c5 2. Nf3 d6 3. d4 cxd4 4. Nxd4 Nf6 5. Nc3 a6 6. Be2 e5 7. Nb3 Be7 8. Be3
Nbd7 9. a4 b6 10. O-O Bb7 11. f3 Qc7 12. Rf2 O-O 13. Bf1 Rfd8 14. Rd2 Nc5 15.
Nxc5 dxc5 16. Bc4 h6 17. Rxd8+ Qxd8 18. Qe2 Ne8 19. Rd1 Qc8 20. Nd5 Bxd5 21.
Rxd5 b5 22. axb5 axb5 23. Bxb5 Nd6 24. c4 Nxb5 25. cxb5 Ra5 26. h3 Qb7 27. Bxc5
Rxb5 28. b4 Bxc5+ 29. bxc5 Qa6 30. Kh2 Qc6 31. Qc4 Kh7 32. Rxe5 f6 33. Rd5 Ra5
34. e5 Qc7 35. f4 fxe5 36. Rxe5 Ra7 37. Qe4+ g6 38. Re6 Qf7 39. c6 Rc7 40. Qe5
Ra7 41. Re8 Qg7 42. Rd8 1-0